 Dungeon Crawl Stone Soup version 0.17-a0-1481-gfdcec5c (console) character file.

20951 Fusha the Grappler (level 12, -1/104 HPs)
             Began as a Ghoul Berserker on July 4, 2015.
             Was a High Priest of Trog.
             Slain by a seven-headed hydra (7 damage)
             ... on level 3 of the Lair of Beasts.
             The game lasted 00:59:28 (13386 turns).

Fusha the Grappler (Ghoul Berserker)               Turns: 13386, Time: 00:59:28

Health: -1/104     AC:  7    Str: 32    XL:     12   Next: 84%
Magic:  18/18      EV: 12    Int:  3    God:    Trog [*****.]
Gold:   1233       SH:  0    Dex:  8    Spells: 0 memorised, 11 levels left

rFire  . . .     SeeInvis +       - Unarmed
rCold  + . .     Clarity  +     A - +2 leather armour of Jalaukh Back {rN++ MR+ Str+7}
rNeg   + + +     SustAt   .     (no shield)
rPois  ∞         Gourm    .     o - +0 hat
rElec  .         Spirit   .     D - +1 cloak
rCorr  .         Warding  .     (no gloves)
rMut   .         Stasis   .     (no boots)
MR     +....                    n - amulet of clarity
Stlth  +++.......               q - ring of see invisible
                                N - +3 ring of evasion

@: rotting, somewhat resistant to hostile enchantments, fairly stealthy
A: rotting body, claws 1, carnivore 3, cold resistance 1, negative energy
resistance 3, slow healing 1, torment resistance, unbreathing
a: Burn Spellbooks, Trog's Hand, Brothers in Arms, Renounce Religion


You were on level 3 of the Lair of Beasts.
You worshipped Trog.
Trog was extremely pleased with you.
You were not hungry.

You visited 2 branches of the dungeon, and saw 12 of its levels.
You also visited: Labyrinth and Ice Cave.

You collected 1233 gold pieces.

Inventory:

Hand weapons
 b - a +0 blowgun
Missiles
 j - 21 poisoned needles
 T - 8 curare-tipped needles
Armour
 a - a +0 animal skin
 m - a +0 leather armour
 o - a +0 hat (worn)
 t - a +0 chain mail
 w - a +0 leather armour of fire resistance
 A - the +2 leather armour of Jalaukh Back (worn) {rN++ MR+ Str+7}
   (You found it in a labyrinth)

   It affects your strength (+7).
   It greatly protects you from negative energy.
   It affects your resistance to hostile enchantments.
 D - a +1 cloak (worn)
 K - a +0 scale mail of poison resistance
 P - a +3 plate armour of fire resistance
Jewellery
 i - an uncursed ring of protection from magic
 n - an amulet of clarity (around neck)
 p - an uncursed ring of stealth
 q - a ring of see invisible (right claw)
 M - an uncursed ring of fire
 N - a +3 ring of evasion (left claw)
Magical devices
 x - a wand of random effects (0)
 C - a wand of lightning (11)
 F - a wand of confusion (18)
 I - a wand of polymorph (1)
 R - a wand of lightning (11)
Scrolls
 c - 3 scrolls of fog {unknown}
 f - 4 scrolls of remove curse
 h - 3 scrolls of random uselessness
 k - 3 scrolls of immolation
 s - 10 scrolls of teleportation
 v - 3 scrolls of recharging
 z - a scroll of amnesia {unknown}
 B - a scroll of noise {unknown}
 H - a scroll of fear {unknown}
 J - a scroll of holy word {unknown}
 Q - a scroll of silence {unknown}
 X - a scroll of vulnerability {unknown}
Potions
 d - 7 potions of curing {unknown}
 e - a potion of might
 l - 3 potions of ambrosia
 r - 3 potions of cancellation
 E - 2 potions of haste
 G - a potion of flight {unknown}
 S - a potion of beneficial mutation {unknown}
 Y - a potion of resistance {unknown}
 Z - a potion of heal wounds
Books
 y - Cuzxemp's Incunabulum of Noxious Darkness
   (You found it in a labyrinth)

   Spells                             Type                      Level
   a - Corpse Rot                     Necromancy                   2
   b - Cure Poison                    Poison                       2
   c - Alistair's Intoxication        Transmutation/Poison         4
   d - Cigotuvi's Embrace             Necromancy                   5
   e - Simulacrum                     Ice/Necromancy               6
   Trog disapproves of the use of such an item.
 W - a Fen Folio

   Spells                             Type                      Level
   a - Corpse Rot                     Necromancy                   2
   b - Stone Arrow                    Conjuration/Earth            3
   c - Leda's Liquefaction            Hexes/Earth                  4
   d - Summon Forest                  Summoning/Translocation      5
   e - Hydra Form                     Transmutation                6
   f - Summon Hydra                   Summoning                    7
   Trog disapproves of the use of such an item.
Miscellaneous
 L - a fan of gales
 O - a plain deck of escape {drawn: 2}
Comestibles
 g - 4 slices of pizza
 u - 5 meat rations
 U - a beef jerky
 V - 2 chunks of flesh


   Skills:
 - Level 9.0 Fighting
 - Level 4.2 Armour
 + Level 9.0 Dodging
 - Level 6.2 Stealth
 * Level 13.0 Unarmed Combat
 + Level 9.7 Evocations


You had 11 spell levels left.
You didn't know any spells.

Dungeon Overview and Level Annotations

Branches:
Dungeon (9/15)             Temple (0/1) D:5            Lair (3/8) D:8
    Orc (0/4) D:9
  Swamp: Lair:3-6    Shoals: Lair:3-6     Snake: Lair:3-6    Spider: Lair:3-6

Altars:
Ashenzari
Cheibriados
Elyvilon
Fedhas
Kikubaaqudgha
Nemelex Xobeh
Okawaru
Qazlal
Ru
Vehumet
Xom
Yredelemnul
Zin
The Shining One

Shops:
D:8 (


Innate Abilities, Weirdness & Mutations

Your body is rotting away.
You thrive on raw meat.
You are immune to poison.
You have sharp fingernails.
You are carnivorous and can eat meat at any time.
Your flesh is cold resistant.
You are immune to negative energy.
You heal slowly when monsters are visible.
You are immune to unholy pain and torment.
You can survive without breathing.


Message History

Here: a seven-headed hydra The floor.
Unknown command.
Unknown command.
The seven-headed hydra bites you. x3
The seven-headed hydra closely misses you.
The seven-headed hydra misses you.
The seven-headed hydra barely misses you.
The seven-headed hydra misses you.
There is a stone staircase leading up here.
The seven-headed hydra bites you! The seven-headed hydra bites you.
The seven-headed hydra bites you but does no damage.
The seven-headed hydra bites you!
* * * LOW HITPOINT WARNING * * *
The seven-headed hydra bites you!
* * * LOW HITPOINT WARNING * * *
The seven-headed hydra bites you!
* * * LOW HITPOINT WARNING * * *
The seven-headed hydra bites you!
You die...

...................#
...##P.#.#..#.....##
..................#
##P..#..#.#...#...##
...................#
.# #..............##
.###..............#
.?.$..............#
...P.#.##...#..D@.#
..................#
P.##..............#
..................##
##P................#
...................#
...........#......##
..................##
......####.........#


You could see a seven-headed hydra.

Vanquished Creatures
  A hydra (Lair:2)
  Sonja (Lair:1)
  An ice statue (IceCv)
  A hill giant (D:8)
  2 spiny frogs
  3 komodo dragons
  4 wandering mushrooms (Lab)
  11 polar bears (IceCv)
  Prince Ribbit (D:6)
  8 blink frogs (Lair:1)
  Sigmund (D:2)
  2 trapdoor spiders (Lab)
  A spriggan (D:7)
  Eustachio (D:6)
  16 yaks
  3 hippogriffs
  Grum (Lair:1)
  11 wolves
  Edmund (D:5)
  2 water moccasins
  2 phantoms
  3 porcupines
  4 black bears
  A necrophage (D:7)
  3 ice beasts
  3 orc warriors
  7 ogres
  2 centaurs
  4 crocodiles
  A wyvern zombie (D:9)
  Blork the orc (D:5)
  8 giant frogs
  2 scorpions
  6 wights (D:7)
  3 jellies
  A vampire bat (Lair:3)
  An electric eel (Lair:2)
  A crimson imp (D:8)
  4 hounds
  A centaur zombie (D:7)
  6 iguanas
  Crazy Yiuf (D:6)
  2 giant frog zombies (D:7)
  5 orc priests
  5 orc wizards
  4 worker ants
  A mummy (D:5)
  A hound skeleton (D:6)
  5 adders
  4 gnolls (D:3)
  A worker ant zombie (D:7)
  8 river rats (Lair:1)
  3 shadow imps
  An ooze (D:3)
  A worm (D:3)
  4 giant geckos
  26 orcs
  2 ball pythons
  A bat skeleton (D:7)
  2 bat zombies (D:7)
  8 giant cockroaches
  10 goblins
  9 hobgoblins
  10 kobolds
  6 quokkas
  21 bats
  A giant gecko skeleton (D:4)
  5 giant newts
  12 jackals
  18 rats
313 creatures vanquished.

Vanquished Creatures (collateral kills)
  A frost giant (IceCv)
  A minotaur (Lab)
  The ghost of ztt the Chopper, an experienced MiBe of Trog (D:8)
  9 polar bears (IceCv)
  2 wolves (IceCv)
  A yak (IceCv)
15 creatures vanquished.

Vanquished Creatures (others)
  8 fungi
  5 plants
13 creatures vanquished.

Grand Total: 341 creatures vanquished

Notes
Turn   | Place    | Note
--------------------------------------------------------------
     0 | D:1      | Fusha the Ghoul Berserker began the quest for the Orb.
     0 | D:1      | Reached XP level 1. HP: 19/19 MP: 0/0
   134 | D:1      | Reached XP level 2. HP: 20/26 MP: 1/1
   513 | D:1      | Acquired Trog's second power
   635 | D:2      | Reached XP level 3. HP: 30/32 MP: 2/2
   758 | D:2      | Found a basalt altar of Yredelemnul.
   942 | D:2      | Noticed Sigmund
   953 | D:2      | Killed Sigmund
   953 | D:2      | Reached skill level 4 in Fighting
   953 | D:2      | Reached skill level 5 in Unarmed Combat
   953 | D:2      | Reached XP level 4. HP: 30/40 MP: 3/3
   953 | D:2      | Reached XP level 5. HP: 34/46 MP: 4/4
   997 | D:2      | Found a white marble altar of Elyvilon.
  1155 | D:2      | Found a radiant altar of Vehumet.
  1603 | D:3      | Noticed an ogre
  1622 | D:3      | Killed an ogre
  1622 | D:3      | Reached skill level 5 in Fighting
  1622 | D:3      | Reached XP level 6. HP: 54/56 MP: 5/5
  2571 | D:4      | Reached skill level 6 in Unarmed Combat
  2571 | D:4      | Reached XP level 7. HP: 51/60 MP: 6/6
  2908 | D:5      | Entered Level 5 of the Dungeon
  3005 | D:5      | Found an ancient bone altar of Kikubaaqudgha.
  3096 | D:5      | Reached skill level 7 in Unarmed Combat
  3226 | D:5      | Reached XP level 8. HP: 32/70 MP: 7/7
  3282 | D:5      | Noticed Edmund
  3309 | D:5      | Killed Edmund
  3386 | D:5      | Found a staircase to the Ecumenical Temple.
  3404 | D:5      | Found a shimmering altar of Xom.
  3576 | D:5      | Found a snail-covered altar of Cheibriados.
  3752 | D:5      | Found a glowing silver altar of Zin.
  3752 | D:5      | Found a sparkling altar of Nemelex Xobeh.
  3772 | D:5      | Noticed Blork the orc
  3789 | D:5      | Killed Blork the orc
  3789 | D:5      | Reached skill level 8 in Unarmed Combat
  4198 | D:6      | Noticed Eustachio
  4243 | D:6      | Killed Eustachio
  4472 | D:6      | Noticed Prince Ribbit
  4483 | D:6      | Killed Prince Ribbit
  4483 | D:6      | Reached skill level 5 in Dodging
  4483 | D:6      | Reached skill level 9 in Unarmed Combat
  4501 | D:6      | Acquired Trog's third power
  4561 | D:6      | Reached XP level 9. HP: 62/79 MP: 8/8
  4966 | D:6      | Noticed Crazy Yiuf
  4975 | D:6      | Killed Crazy Yiuf
  5107 | D:6      | Found a sacrificial altar of Ru.
  5202 | D:7      | Reached skill level 10 in Unarmed Combat
  5383 | D:7      | Found a snail-covered altar of Cheibriados.
  5671 | D:7      | Reached skill level 11 in Unarmed Combat
  5701 | D:7      | Reached XP level 10. HP: 78/88 MP: 9/9
  5933 | D:8      | Found Riatauc's Antique Weapon Emporium.
  5952 | D:8      | Found an iron altar of Okawaru.
  6062 | D:8      | Found a blossoming altar of Fedhas.
  6161 | D:8      | Found a staircase to the Lair.
  6161 | D:8      | Noticed ztt's ghost (experienced MiBe)
  6172 | D:8      | Killed ztt's ghost
  6172 | D:8      | Reached skill level 1 in Evocations
  6224 | D:8      | Found a shattered altar of Ashenzari.
  6240 | D:8      | Noticed a hill giant
  6248 | D:8      | Killed a hill giant
  6382 | D:8      | Found a glowing golden altar of the Shining One.
  7016 | D:9      | Reached skill level 1 in Stealth
  7217 | D:9      | Found a stormy altar of Qazlal.
  7293 | D:9      | Reached skill level 5 in Evocations
  7339 | D:9      | Found a staircase to the Orcish Mines.
  7600 | Lair:1   | Entered Level 1 of the Lair of Beasts
  7639 | Lair:1   | Reached XP level 11. HP: 50/97 MP: 13/13
  7691 | Lair:1   | Noticed a seven-headed hydra
  7723 | Lair:1   | Found a labyrinth entrance.
  7733 | Lab      | Entered a labyrinth
  8869 | Lab      | Noticed a minotaur
  8885 | Lab      | Killed a minotaur
  9232 | Lab      | Identified Cuzxemp's Incunabulum of Noxious Darkness
  9233 | Lab      | Got a translucent leather armour
  9261 | Lab      | Identified the +2 leather armour of Jalaukh Back {rN++ MR+ Str+7} (You found it in a labyrinth)
  9441 | Lair:1   | Noticed Grum
  9461 | Lair:1   | Reached skill level 5 in Stealth
  9756 | Lair:1   | Killed Grum
  9998 | Lair:1   | Noticed Sonja
 10006 | Lair:1   | Killed Sonja
 10797 | Lair:2   | Noticed a seven-headed hydra
 10836 | Lair:1   | Reached XP level 12. HP: 77/104 MP: 17/17
 11130 | Lair:2   | Killed a seven-headed hydra
 11719 | Lair:3   | Found a frozen archway.
 11736 | IceCv    | Entered an ice cave
 11783 | IceCv    | Reached skill level 12 in Unarmed Combat
 12107 | IceCv    | HP: 3/103 [wolf (9)]
 12785 | IceCv    | Noticed a frost giant
 12852 | IceCv    | Killed a frost giant
 13347 | Lair:3   | Reached skill level 13 in Unarmed Combat
 13356 | Lair:3   | Noticed a seven-headed hydra
 13364 | Lair:3   | Received a gift from Trog
 13386 | Lair:3   | Slain by a seven-headed hydra

Vault maps used:
D:1:      co_arrival_square_in_a_square_in_a_square, serial_corexii_hall,
          corexii_hall_statues_l, corexii_hall_statues_l
D:2:      vehumet_crystals, lemuel_crystal_altar, elyvilon_altar_4,
          kennysheep_generic_room_6, uniq_sigmund
D:4:      minmay_misc_feat_x
D:5:      old_standard_altar, slow_altar_2, gammafunk_temple_overflow_elements,
          minmay_temple_entry_statues, first_bread, basic_altar,
          uniq_blork_the_orc, uniq_edmund
D:6:      kennysheep_mini_moat, uniq_crazy_yiuf_cottage, uniq_eustachio,
          uniq_prince_ribbit1
D:7:      basic_altar, serial_undead, serial_undead_a, serial_undead_c,
          serial_undead_f, serial_undead_d, the_bakery
D:8:      lemuel_crystal_altar, kennysheep_little_box, lemuel_crystal_altar,
          lair_0_dummy, serial_shops, shop, basic_altar, columned_hall_lemuel,
          dk_vineyard_1
D:9:      minmay_goldmine, grunt_qazlal_sundering, orc_0_dummy
Lair:1:   lab_entry_generic, uniq_sonja, uniq_grum
Lair:2:   serial_bayou_lake_a, grunt_megastairs_2, infiniplex_staircase_pool
Lair:3:   dummy_spider_entry, portal_ice_cave_entry_pillars_02, roderic_batcave
Lab:      labyrinth_watery, nicolae_lab_very_dead_end, nicolae_lab_starburst,
          nicolae_lab_grate_2
IceCv:    ice_cave_small_giant

Action                   |  1- 3 |  4- 6 |  7- 9 | 10-12 || total
-------------------------+-------+-------+-------+-------++-------
Melee: Unarmed           |    83 |   138 |   401 |   670 ||  1292
       Spear             |     9 |       |       |       ||     9
 Fire: Blowgun           |       |    10 |    13 |     4 ||    27
Invok: Trog's Hand       |     1 |     2 |     5 |     4 ||    12
       Brothers in Arms  |       |       |       |     5 ||     5
Evoke: Wand              |       |       |       |    19 ||    19
       Deck              |       |       |       |     2 ||     2
       Fan of gales      |       |       |       |     1 ||     1
  Use: Scroll            |       |     5 |     5 |    10 ||    20
       Potion            |       |     1 |     4 |     4 ||     9
 Stab: Sleeping          |     1 |     4 |     6 |     6 ||    17
       Paralysed         |       |       |       |     2 ||     2
       Distracted        |       |       |       |     3 ||     3
       Fleeing           |       |       |       |     1 ||     1
  Eat: Chunk             |     6 |     8 |    48 |    93 ||   155
